AoeStats
← [Sacred Fart] Mr. Bober

Arena

510830301Analyzed
4v4 RM · 20h ago on Oct 2, 2026· 50m 18s· 8 players
Game mode
Random Map
Map size
Large (8 player)
Population
200
Speed
Normal
Resources
Standard
Victory
Conquest
Starting age
Dark Age
Ending age
Imperial Age
RankedLock teamsTeams togetherTeam positionsShared explorationLock speedFull tech treeHidden civsTurbo modeCheats
Victory
Defeat
🇹🇷 Mongols · Türkiye
1351
+14
🇵🇱 Wei · Poland
1280
+16
🇮🇩 Burgundians · Indonesia
1258
+17
🇨🇳 Goths · China
1192
+21
1335
-19
🇩🇪 Saxons · Germany
1318
-18
🇨🇱 Poles · Chile
1266
-16
🇩🇪 Bohemians · Germany
1237
-15
mijalskid
10:28 Feudal Age
11:37 Double-Bit Axe
14:01 Castle Age
12:34 Horse Collar
14:36 Loom
15:02 Bow Saw
16:01 Man-at-Arms
17:13 Scale Mail Armor
18:39 Long Swordsman
20:44 Chain Mail Armor
23:42 Gold Mining
25:08 Fletching
25:50 Squires
26:20 Bloodlines
28:00 Wheelbarrow
28:59 Ballistics
28:56 Bodkin Arrow
29:59 Devotion
30:41 Town Watch
31:16 Hand Cart
33:23 Thumb Ring
33:25 Padded Archer Armor
34:29 Elite Skirmisher
35:10 Husbandry
40:17 Imperial Age
38:53 Masonry
38:41 Murder Holes
40:58 Leather Archer Armor
42:28 Bracer
43:19 Gold Shaft Mining
43:53 Chemistry
44:32 Parthian Tactics
45:23 Conscription
45:32 Stone Mining
45:59 Caravan
47:28 Ming Guang Armor
48:18 Stone Shaft Mining
48:00 Tuntian
48:11 Heavy Plow
会做梦的懒猪
10:29 Feudal Age
14:14 Castle Age
12:16 Double-Bit Axe
15:00 Wheelbarrow
15:27 Bow Saw
21:07 Loom
21:08 Horse Collar
22:53 Hand Cart
22:36 Stone Mining
22:38 Gold Mining
23:08 Heavy Plow
25:01 Stone Shaft Mining
26:12 Town Watch
29:40 Imperial Age
27:34 Squires
27:07 Pikeman
28:43 Forging
28:34 Scale Mail Armor
30:25 Iron Casting
31:32 Conscription
31:13 Anarchy
33:44 Blast Furnace
32:59 Chain Mail Armor
34:38 Coinage
33:35 Elite Huskarl
33:55 Halberdier
35:35 Perfusion
37:08 Two-Man Saw
38:45 Banking
38:51 Crop Rotation
41:07 Chemistry
TempYuraa
3:24 Double-Bit Axe
6:19 Horse Collar
10:47 Feudal Age
11:41 Feudal Age
12:53 Bow Saw
15:19 Castle Age
14:54 Heavy Plow
17:20 Two-Man Saw
21:09 Wheelbarrow
21:22 Gold Mining
22:41 Hand Cart
22:12 Loom
23:20 Gold Shaft Mining
22:55 Stone Mining
29:00 Imperial Age
26:38 Husbandry
26:40 Scale Mail Armor
26:50 Forging
27:18 Scale Barding Armor
27:07 Fletching
28:09 Crop Rotation
28:15 Stone Shaft Mining
27:19 Light Cavalry
28:48 Iron Casting
29:23 Chain Barding Armor
28:36 Cavalier
29:18 Hussar
31:30 Blast Furnace
31:05 Plate Barding Armor
30:32 Bodkin Arrow
30:58 Paladin
32:50 Conscription
33:42 Chemistry
32:43 Bracer
33:53 Devotion
33:47 Treadmill Crane
34:15 Town Watch
34:34 Padded Archer Armor
35:02 Conscription
36:52 Burgundian Vineyards
37:53 Ballistics
41:48 Faith
41:29 Crossbowman
43:45 Leather Archer Armor
47:35 Caravan
Shamdan
8:58 Feudal Age
13:16 Castle Age
11:50 Double-Bit Axe
11:54 Horse Collar
13:01 Stone Mining
16:53 Bow Saw
18:44 Padded Archer Armor
18:51 Padded Archer Armor
20:18 Fletching
22:56 Bodkin Arrow
28:33 Wheelbarrow
28:04 Heavy Plow
32:12 Hand Cart
32:20 Gold Mining
33:04 Leather Archer Armor
34:37 Ballistics
34:55 Husbandry
35:30 Bloodlines
40:41 Imperial Age
39:27 Scale Barding Armor
39:59 Masonry
40:00 Fortified Wall
39:42 Town Watch
39:43 Loom
41:07 Gold Shaft Mining
41:24 Bracer
42:26 Chemistry
42:56 Chain Barding Armor
43:41 Forging
43:22 Elite Mangudai
44:23 Conscription
47:12 Parthian Tactics
48:08 Thumb Ring
49:09 Capped Ram
T.Mücke_63
9:49 Feudal Age
14:32 Castle Age
12:52 Double-Bit Axe
13:55 Horse Collar
14:38 Loom
18:06 Chemistry
18:09 Bow Saw
20:30 Padded Archer Armor
27:54 Fortified Wall
28:24 Leather Archer Armor
35:28 Imperial Age
39:05 Wheelbarrow
43:38 Ring Archer Armor
43:54 Conscription
43:49 Fletching
43:37 Elite Skirmisher
45:54 Bodkin Arrow
48:23 Bracer
lucasmauriciogona
10:50 Feudal Age
12:43 Double-Bit Axe
15:20 Castle Age
13:54 Horse Collar
14:09 Gold Mining
16:12 Scale Mail Armor
16:32 Bow Saw
21:30 Chain Mail Armor
21:22 Scale Barding Armor
21:29 Forging
23:07 Bloodlines
22:57 Husbandry
25:36 Wheelbarrow
26:32 Chain Barding Armor
26:33 Heavy Plow
28:03 Iron Casting
28:01 Hand Cart
30:29 Loom
33:33 Imperial Age
31:21 Szlachta Privileges
31:50 Stone Mining
33:32 Stone Shaft Mining
32:50 Fletching
33:53 Town Watch
34:05 Cavalier
35:48 Blast Furnace
34:32 Treadmill Crane
35:53 Chemistry
35:26 Crop Rotation
39:13 Bodkin Arrow
39:01 Light Cavalry
40:06 Conscription
40:08 Lechitic Legacy
40:07 Bracer
40:30 Ballistics
40:20 Masonry
41:08 Coinage
43:01 Banking
42:35 Winged Hussar
44:48 Siege Engineers
44:38 Murder Holes
50:02 Hoardings
49:46 Elite Obuch
[Sacred Fart] Mr. Bober
9:25 Feudal Age
13:45 Castle Age
11:49 Horse Collar
12:03 Double-Bit Axe
12:08 Horse Collar
15:14 Wheelbarrow
15:02 Bow Saw
16:22 Loom
23:04 Hand Cart
23:03 Town Watch
23:14 Gold Mining
23:42 Heavy Plow
24:07 Stone Mining
28:32 Imperial Age
27:53 Scale Barding Armor
27:51 Scale Mail Armor
28:01 Forging
29:12 Gold Shaft Mining
28:54 Chain Mail Armor
28:15 Man-at-Arms
28:41 Gambesons
29:09 Squires
28:50 Shield Wall
29:10 Long Swordsman
29:36 Arson
29:55 Pikeman
29:57 Two-Handed Swordsman
31:35 Ballistics
30:42 Halberdier
33:05 Plate Mail Armor
33:10 Iron Casting
34:20 Crop Rotation
33:52 Champion
35:51 Masonry
35:51 Careening
35:40 Murder Holes
37:32 Fletching
38:23 Architecture
38:52 Conscription
38:40 Bodkin Arrow
38:45 Padded Archer Armor
39:36 Hoardings
39:33 Heavy Mounted Crossbowman
40:17 Bracer
41:02 Thumb Ring
40:59 Cranequins
41:52 Elite Skirmisher
44:25 Elite Varangian Guard
46:05 Leather Archer Armor
[Sacred Fart] Turk Turkelton
10:38 Feudal Age
11:47 Double-Bit Axe
14:29 Castle Age
12:33 Horse Collar
13:53 Loom
15:29 Heavy Plow
15:40 Bow Saw
16:19 Town Watch
18:02 Sanctity
17:54 Gold Mining
21:14 Redemption
25:45 Heavy Plow
28:19 Imperial Age
26:45 Fervor
29:03 Squires
29:42 Block Printing
30:15 Theocracy
30:37 Fletching
34:42 Illumination
34:59 Wheelbarrow
37:14 Heavy Plow
39:03 Elite Temple Guard
40:22 Scale Mail Armor
40:34 Forging
42:10 Chain Mail Armor
43:01 Conscription
43:31 Plate Mail Armor
45:39 Iron Casting
Connection lost

Rejoining the realm…

Still unreachable

The connection could not be restored.

Session expired

The server has moved on; the page needs a fresh start.